 Dungeon Crawl Stone Soup version 0.24-a0-309-g1095bca (webtiles) character file.

Game seed: 4989492416884467778

0 MatthieuS the Charmwright (level 1, -2/16 HPs)
             Began as a Merfolk Skald on May 14, 2019.
             Slain by a gnoll
             ... wielding a +0 spear
              (8 damage)
             ... on level 1 of the Dungeon.
             The game lasted 00:00:10 (45 turns).

MatthieuS the Charmwright (Merfolk Skald)             Turns: 45, Time: 00:00:10

Health: -2/16      AC:  3    Str: 11    XL:     1   Next: 10%
Magic:  2/3        EV: 12    Int: 12    God:
Gold:   12         SH:  0    Dex: 13    Spells: 3/4 levels left

rFire    . . .     SeeInvis .   a - +0 spear
rCold    . . .     Gourm    .   (no shield)
rNeg     . . .     Faith    .   b - +0 leather armour
rPois    .         Spirit   .   (no helmet)
rElec    .         Reflect  .   (no cloak)
rCorr    .         Harm     .   (no gloves)
MR       .....                  (no boots)
Stlth    +.........             (no amulet)
HPRegen  0.05/turn              (no ring)
MPRegen  0.08/turn              (no ring)

@: very slightly contaminated
A: change form in water, swift swim, stealthy swim
a: no special abilities


You were on level 1 of the Dungeon.
You were not hungry.

You visited 1 branch of the dungeon, and saw 1 of its levels.

You collected 12 gold pieces.

Inventory:

Hand Weapons
 a - a +0 spear (weapon)
Armour
 b - a +0 leather armour (worn)
Scrolls
 d - a scroll of teleportation {unknown}
 f - a scroll of remove curse {unknown}
Potions
 c - a potion of haste {unknown}
Comestibles
 e - a ration


   Skills:
 + Level 2.2 Fighting
 + Level 3.0 Polearms
 + Level 0.6 Armour
 + Level 2.7 Dodging
 + Level 2.0 Spellcasting
 + Level 3.2 Charms


You had 3 spell levels left.
You knew the following spells:

 Your Spells              Type           Power        Failure   Level  Hunger
a - Infusion              Chrm           #...         10%         1    ##.....

Your spell library contained the following spells:

 Spells                   Type           Power        Failure   Level  Hunger
 Song of Slaying          Chrm           #.......     14%         2    ###....
 Shroud of Golubria       Chrm/Tloc      #.........   28%         2    ###....
 Regeneration             Chrm/Necr      #.........   50%         3    ####...
 Spectral Weapon          Hex/Chrm       #.......     50%         3    ####...


Dungeon Overview and Level Annotations

Branches:
Dungeon (1/15)

Altars:


Message History

e - a ration Welcome, MatthieuS the Merfolk Skald.
Will you prevail where others failed? Will you find the Orb of Zot?
Found 12 gold pieces.
Found two stairs.
Found a bubbling blue potion.
Found a scroll labeled LUUWNAE FUGHIST.
Found a scroll labeled KEF POESHASUALL.
You now have 12 gold pieces.
c - a bubbling blue potion
d - a scroll labeled LUUWNAE FUGHIST
f - a scroll labeled KEF POESHASUALL A frilled lizard comes into view.
A frilled lizard is nearby!
A hobgoblin and a gnoll come into view.
The frilled lizard hisses angrily.
The gnoll shouts!
Attack whom?
Aim: a gnoll, wielding a +0 spear You reach to attack!
You hit the gnoll.
Attack whom?
Aim: a gnoll, wielding a +0 spear (lightly wounded)
You reach to attack!
You barely miss the gnoll. The gnoll hits you but does no damage.
Attack whom?
Aim: a gnoll, wielding a +0 spear You reach to attack!
You hit the gnoll but do no damage. The gnoll barely misses you.
You barely miss the frilled lizard. The frilled lizard bites you.
The gnoll hits you from afar with a +0 spear.
Your leather armour prevents you from hitting the frilled lizard.
The frilled lizard barely misses you.
The gnoll hits you from afar with a +0 spear!
* * * LOW HITPOINT WARNING * * *
You miscast Infusion.
You are very lightly contaminated with residual magic.
Nothing appears to happen.
The frilled lizard closely misses you.
You hit the frilled lizard.
You kill the frilled lizard!
The gnoll hits you from afar with a +0 spear!
Ouch! That really hurt!
You die...

#.... ####.#.........#
#.... #.........8.....
#..... .##.....♣......
#.....###.##............
#.......................
.#g..###...........
#g#.# #........... #.# #
#........... #@#
#....###.#.. #.#
##.####### #.# #........
#.######.#######
#........# ########.#
#.# #.# #.#


You could see a gnoll and a hobgoblin.

Vanquished Creatures
  A frilled lizard (D:1)
1 creature vanquished.

Notes
Turn   | Place    | Note
-------+----------+-------------------------------------------
     0 | D:1      | MatthieuS the Merfolk Skald began the quest for the Orb.
     0 | D:1      | Reached XP level 1. HP: 16/16 MP: 3/3
    45 | D:1      | Slain by a gnoll

Levels and vault maps discovered:
D:1:      wander_arrival_peaceful_grave, layout_basic

Action                   || total
-------------------------++-------
Melee: Spear             ||     6
Dodge: Dodged            ||     3

Table legend:
 A = Non-vault XP
 B = Vault XP
 C = Vault XP percentage of total XP
 D = Non-vault monster count
 E = Vault monster count
 F = Vault count percentage of total count
                 A         B        C        D         E       F
            +---------+---------+-------+---------+---------+-------
      Total |       1 |       0 |   0.0 |       1 |       0 |   0.0
            +---------+---------+-------+---------+---------+-------
        D:1 |       1 |       0 |   0.0 |       1 |       0 |   0.0
            +---------+---------+-------+---------+---------+-------
